SR
QUEBEC CITY BABY BLUES @ CAPITAL HILL INTERNS
06/23/2037
 
TOP OF THE 1ST
Quebec City Baby Blues batting - Pitching for Capital Hill Interns : LHP Bryan Williams
Pitching: LHP Bryan Williams
Batting: RHB Barton Boreland 0-0: Foul Ball, location: 2F
0-1: Ball
1-1: Swinging Strike
1-2: Ball
2-2: Strikes out swinging
Batting: RHB Juan Oleastro 0-0: Ball
1-0: Called Strike
1-1: Swinging Strike
1-2: Strikes out swinging
Batting: RHB Doug Chapman 0-0: Ball
1-0: Foul Ball, location: 2F
1-1: Ball
2-1: Swinging Strike
2-2: Strikes out swinging
Top of the 1st over - 0 runs, 0 hits, 0 errors, 0 left on base; Quebec City 0 - Capital Hill 0
BOTTOM OF THE 1ST
Capital Hill Interns batting - Pitching for Quebec City Baby Blues : RHP Jesús Ríos
Pitching: RHP Jesús Ríos
Batting: RHB Hiroshige Ohashi 0-0: Called Strike
0-1: Ground out 3-1 (Groundball, 34, EV 85.0 MPH)
Batting: RHB Igme Padoga 0-0: Foul Ball, location: 2F
0-1: Ball
1-1: Ball
2-1: Ground out 5-3 (Groundball, 56, EV 85.6 MPH)
Batting: LHB Hori Ikenaki 0-0: Called Strike
0-1: Fly out, F8 (Flyball, 8LS, EV 92.5 MPH)
Bottom of the 1st over - 0 runs, 0 hits, 0 errors, 0 left on base; Quebec City 0 - Capital Hill 0
TOP OF THE 2ND
Quebec City Baby Blues batting - Pitching for Capital Hill Interns : LHP Bryan Williams
Batting: RHB Paul Pitts 0-0: Swinging Strike
0-1: Foul Ball, location: 2F
0-2: Ground out 4-3 (Groundball, 4, EV 88.1 MPH)
Batting: RHB José Ríos 0-0: Ball
1-0: Ball
2-0: Ball
3-0: Called Strike
3-1: Base on Balls
Batting: RHB Ji-hyun Yi 0-0: Foul Ball, location: 2F
0-1: Ball
1-1: Ball
2-1: Fly out, F8 (Flyball, 8LM, EV 94.4 MPH)
Batting: RHB Jessie Gibbs 0-0: Ball
1-0: Foul Ball, location: 2F
1-1: Ground out 6-3 (Groundball, 6M, EV 82.5 MPH)
Top of the 2nd over - 0 runs, 0 hits, 0 errors, 1 left on base; Quebec City 0 - Capital Hill 0
BOTTOM OF THE 2ND
Capital Hill Interns batting - Pitching for Quebec City Baby Blues : RHP Jesús Ríos
Batting: LHB Buddy Patton 0-0: Ball
1-0: Ball
2-0: Swinging Strike
2-1: SINGLE (Line Drive, 9LS, EV 105.6 MPH)
Batting: SHB Jake Pinto 0-0: Fly out, F4 (Popup, 4M, EV 76.2 MPH)
Batting: LHB Moises Casabuena 0-0: Ball
1-0: Called Strike
1-1: Foul Ball, location: 2F
1-2: Foul Ball, location: 2F
1-2: Strikes out swinging
Batting: RHB Jai-guo Ruan 0-0: Ball
1-0: Called Strike
1-1: Ball
2-1: Swinging Strike
2-2: Strikes out swinging
Bottom of the 2nd over - 0 runs, 1 hit, 0 errors, 1 left on base; Quebec City 0 - Capital Hill 0
TOP OF THE 3RD
Quebec City Baby Blues batting - Pitching for Capital Hill Interns : LHP Bryan Williams
Batting: RHB Xi-ku An 0-0: Ball
1-0: Foul Ball, location: 2F
1-1: Swinging Strike
1-2: Ball
2-2: Foul Ball, location: 2F
2-2: Strikes out swinging
Batting: RHB Tim Wright 0-0: Ground out 6-3 (Groundball, 56, EV 78.8 MPH)
Batting: RHB Barton Boreland 0-0: Swinging Strike
0-1: Ball
1-1: Called Strike
1-2: Strikes out looking
Top of the 3rd over - 0 runs, 0 hits, 0 errors, 0 left on base; Quebec City 0 - Capital Hill 0
BOTTOM OF THE 3RD
Capital Hill Interns batting - Pitching for Quebec City Baby Blues : RHP Jesús Ríos
Batting: RHB Jeroen Penning 0-0: Called Strike
0-1: Ball
1-1: Fly out, F8 (Line Drive, 8LM, EV 105.6 MPH)
Batting: SHB Toshiyuki Gato 0-0: Called Strike
0-1: Ground out 6-3 (Groundball, 6M, EV 105.0 MPH)
Pitching: RHP Jesús Ortíz
Batting: RHB Hiroshige Ohashi 0-0: Called Strike
0-1: Swinging Strike
0-2: Ball
1-2: Foul Ball, location: 2F
1-2: Foul Ball, location: 2F
1-2: Ground out 5-3 (Groundball, 56, EV 82.5 MPH)
Bottom of the 3rd over - 0 runs, 0 hits, 0 errors, 0 left on base; Quebec City 0 - Capital Hill 0
TOP OF THE 4TH
Quebec City Baby Blues batting - Pitching for Capital Hill Interns : LHP Bryan Williams
Batting: RHB Juan Oleastro 0-0: Ball
1-0: Foul Ball, location: 2F
1-1: Swinging Strike
1-2: Ball
2-2: Strikes out looking
Batting: RHB Doug Chapman 0-0: Ball
1-0: Called Strike
1-1: Called Strike
1-2: Foul Ball, location: 2F
1-2: Strikes out swinging
Batting: RHB Paul Pitts 0-0: Foul Ball, location: 2F
0-1: Ball
1-1: Ground out 5-3 (Groundball, 56, EV 100.6 MPH)
Top of the 4th over - 0 runs, 0 hits, 0 errors, 0 left on base; Quebec City 0 - Capital Hill 0
BOTTOM OF THE 4TH
Capital Hill Interns batting - Pitching for Quebec City Baby Blues : RHP Jesús Ortíz
Batting: RHB Igme Padoga 0-0: Foul Ball, location: 2F
0-1: Called Strike
0-2: Ball
1-2: Ball
2-2: Foul Ball, location: 2F
2-2: Strikes out looking
Batting: LHB Hori Ikenaki 0-0: Called Strike
0-1: Ball
1-1: Ball
2-1: Ball
3-1: Base on Balls
Batting: LHB Buddy Patton 0-0: Called Strike
0-1: Swinging Strike
0-2: Ball
1-2: Strikes out swinging
Batting: SHB Jake Pinto 0-0: Foul Ball, location: 2F
0-1: Swinging Strike
0-2: Foul Ball, location: 2F
0-2: Ball
1-2: Reached on error, E5 (Groundball, 56, EV 90.6 MPH)
Hori Ikenaki to second
Batting: LHB Moises Casabuena 0-0: Called Strike
0-1: Ball
Passed Ball!
Hori Ikenaki to third
Jake Pinto to second
1-1: Called Strike
1-2: Ball
2-2: Strikes out looking
Bottom of the 4th over - 0 runs, 0 hits, 1 error, 2 left on base; Quebec City 0 - Capital Hill 0
TOP OF THE 5TH
Quebec City Baby Blues batting - Pitching for Capital Hill Interns : LHP Bryan Williams
Batting: RHB José Ríos 0-0: Ground out 5-3 (Groundball, 5, EV 90.0 MPH)
Batting: RHB Ji-hyun Yi 0-0: Ball
1-0: Swinging Strike
1-1: Foul Ball, location: 2F
1-2: Fly out, F3 (Flyball, 3D, EV 75.0 MPH)
Batting: RHB Jessie Gibbs 0-0: Ball
1-0: Ball
2-0: Ball
3-0: Base on Balls
Batting: RHB Xi-ku An 0-0: Called Strike
0-1: Swinging Strike
0-2: Strikes out swinging
Top of the 5th over - 0 runs, 0 hits, 0 errors, 1 left on base; Quebec City 0 - Capital Hill 0
BOTTOM OF THE 5TH
Capital Hill Interns batting - Pitching for Quebec City Baby Blues : RHP Jesús Ortíz
Batting: RHB Jai-guo Ruan 0-0: Called Strike
0-1: Reached on error, E6 (Groundball, 6, EV 107.5 MPH)
Batting: RHB Jeroen Penning 0-0: Ball
1-0: Foul Ball, location: 2F
1-1: Ball
2-1: Foul Ball, location: 2F
2-2: Ball
3-2: Base on Balls
Batting: SHB Toshiyuki Gato 0-0: Foul Ball, location: 2F
0-1: Sac Bunt to 5S - play at third, runner OUT! 5-6
Jeroen Penning to second
Batting: RHB Hiroshige Ohashi 0-0: Called Strike
0-1: Ball
1-1: Foul Ball, location: 2F
1-2: Strikes out swinging
Batting: RHB Igme Padoga 0-0: Foul Ball, location: 2F
0-1: Ball
1-1: Foul Ball, location: 2F
1-2: Ball
2-2: Foul Ball, location: 2F
2-2: Ball
3-2: SINGLE (Groundball, 15S, EV 69.4 MPH) (infield hit)
Jeroen Penning to third
Toshiyuki Gato to second
Batting: LHB Hori Ikenaki 0-0: Ball
1-0: Called Strike
1-1: Foul Ball, location: 2F
1-2: Strikes out swinging
Bottom of the 5th over - 0 runs, 1 hit, 1 error, 3 left on base; Quebec City 0 - Capital Hill 0
TOP OF THE 6TH
Quebec City Baby Blues batting - Pitching for Capital Hill Interns : LHP Bryan Williams
Batting: RHB Tim Wright 0-0: SINGLE (Line Drive, 8LS, EV 104.4 MPH)
Batting: RHB Barton Boreland 0-0: Foul Ball, location: 2F
0-1: Ball
1-1: Foul Ball, location: 2F
1-2: Ball
Wild Pitch!
Tim Wright to second
2-2: Ball
3-2: Base on Balls
Batting: RHB Juan Oleastro 0-0: Bunted foul
0-1: Sac Bunt to 3S - play at first, batter OUT! 3-1
Tim Wright to third
Barton Boreland to second
Batting: RHB Doug Chapman 0-0: Ball
1-0: Ball
2-0: Called Strike
2-1: Fly out, F2 (Popup, 2LF, EV 91.9 MPH)
Batting: RHB Paul Pitts 0-0: Foul Ball, location: 2F
0-1: Swinging Strike
0-2: Strikes out looking
Top of the 6th over - 0 runs, 1 hit, 0 errors, 2 left on base; Quebec City 0 - Capital Hill 0
BOTTOM OF THE 6TH
Capital Hill Interns batting - Pitching for Quebec City Baby Blues : RHP Jesús Ortíz
Batting: LHB Buddy Patton 0-0: Ball
1-0: Ball
2-0: Called Strike
2-1: Foul Ball, location: 2F
2-2: Ball
3-2: Foul Ball, location: 2F
3-2: Hit by Pitch
Pitching: LHP Sylvain Richard
Batting: SHB Jake Pinto 0-0: Ball
Wild Pitch!
Buddy Patton to second
1-0: Called Strike
1-1: Swinging Strike
1-2: Strikes out swinging, 2-3 out at first.
Batting: LHB Moises Casabuena 0-0: Foul Ball, location: 2F
0-1: Ball
1-1: Ball
2-1: Foul Ball, location: 2F
2-2: Ball
3-2: Foul Ball, location: 2F
3-2: Strikes out looking
Batting: RHB Jai-guo Ruan 0-0: Ball
1-0: Called Strike
1-1: Ball
2-1: Reached on error, E6 (Groundball, 6, EV 91.2 MPH)
Buddy Patton scores
Batting: RHB Jeroen Penning 0-0: Called Strike
0-1: Ball
1-1: Called Strike
1-2: Strikes out swinging
Bottom of the 6th over - 1 run, 0 hits, 1 error, 1 left on base; Quebec City 0 - Capital Hill 1
TOP OF THE 7TH
Quebec City Baby Blues batting - Pitching for Capital Hill Interns : LHP Bryan Williams
Batting: RHB José Ríos 0-0: Ball
1-0: Called Strike
1-1: SINGLE (Flyball, 78S, EV 98.8 MPH)
Batting: RHB Ji-hyun Yi 0-0: Ball
1-0: Ball
2-0: Called Strike
2-1: Foul Ball, location: 2F
2-2: Ball
3-2: Base on Balls
José Ríos to second
Batting: RHB Jessie Gibbs 0-0: Ball
1-0: Sac Bunt to 2R - play at first, batter OUT! 2-4
José Ríos to third
Ji-hyun Yi to second
Pitching: RHP Juan Alemán
Batting: RHB Xi-ku An 0-0: Ground out 5-3 (Groundball, 56S, EV 86.2 MPH)
José Ríos scores
Batting: RHB Tim Wright 0-0: Ball
1-0: Foul Ball, location: 2F
1-1: Called Strike
1-2: Foul Ball, location: 2F
1-2: Ball
2-2: Strikes out swinging
Top of the 7th over - 1 run, 1 hit, 0 errors, 1 left on base; Quebec City 1 - Capital Hill 1
BOTTOM OF THE 7TH
Capital Hill Interns batting - Pitching for Quebec City Baby Blues : LHP Sylvain Richard
Batting: SHB Toshiyuki Gato 0-0: Called Strike
0-1: Swinging Strike
0-2: Strikes out swinging
Batting: RHB Hiroshige Ohashi 0-0: Called Strike
0-1: Ball
1-1: Ball
2-1: Ground out 4-3 (Groundball, 4, EV 84.4 MPH)
Batting: RHB Igme Padoga 0-0: Called Strike
0-1: Swinging Strike
0-2: Ball
1-2: Strikes out swinging
Bottom of the 7th over - 0 runs, 0 hits, 0 errors, 0 left on base; Quebec City 1 - Capital Hill 1
TOP OF THE 8TH
Quebec City Baby Blues batting - Pitching for Capital Hill Interns : RHP Juan Alemán
Batting: RHB Barton Boreland 0-0: Called Strike
0-1: Ball
1-1: Ground out 4-3 (Groundball, 4, EV 85.6 MPH)
Batting: RHB Juan Oleastro 0-0: Called Strike
0-1: Ball
1-1: Foul Ball, location: 2F
1-2: Ball
2-2: Foul Ball, location: 2F
2-2: Strikes out looking
Batting: RHB Doug Chapman 0-0: Ball
1-0: SOLO HOME RUN (Flyball, 7D, EV 112.5 MPH), Distance : 386 ft
Batting: RHB Paul Pitts 0-0: Ball
1-0: Ball
2-0: Ball
3-0: Called Strike
3-1: Base on Balls
Batting: RHB José Ríos 0-0: Ground out 4-3 (Groundball, 34D, EV 106.2 MPH)
Top of the 8th over - 1 run, 1 hit, 0 errors, 1 left on base; Quebec City 2 - Capital Hill 1
BOTTOM OF THE 8TH
Capital Hill Interns batting - Pitching for Quebec City Baby Blues : LHP Sylvain Richard
Batting: LHB Hori Ikenaki 0-0: Called Strike
0-1: Foul Ball, location: 2F
0-2: Ball
1-2: Foul Ball, location: 2F
1-2: Foul Ball, location: 2F
1-2: Foul Ball, location: 2F
1-2: Strikes out swinging
Batting: LHB Buddy Patton 0-0: Ball
1-0: Swinging Strike
1-1: Foul Ball, location: 2F
1-2: Ball
2-2: Foul Ball, location: 2F
2-2: Foul Ball, location: 2F
2-2: Strikes out swinging
Batting: SHB Jake Pinto 0-0: Swinging Strike
0-1: Ball
1-1: Swinging Strike
1-2: Strikes out swinging
Bottom of the 8th over - 0 runs, 0 hits, 0 errors, 0 left on base; Quebec City 2 - Capital Hill 1
TOP OF THE 9TH
Quebec City Baby Blues batting - Pitching for Capital Hill Interns : RHP Juan Alemán
Batting: RHB Ji-hyun Yi 0-0: Ball
1-0: Foul Ball, location: 2F
1-1: Ball
2-1: Ball
3-1: SINGLE (Flyball, 89S, EV 93.1 MPH)
Batting: RHB Jessie Gibbs 0-0: Sac Bunt to 5S - play at first, batter OUT! 5-4
Ji-hyun Yi to second
Batting: RHB Xi-ku An 0-0: Ball
1-0: Swinging Strike
1-1: Called Strike
1-2: Strikes out swinging
Batting: RHB Tim Wright 0-0: Ball
1-0: Ground out 6-3 (Groundball, 6, EV 85.6 MPH)
Top of the 9th over - 0 runs, 1 hit, 0 errors, 1 left on base; Quebec City 2 - Capital Hill 1
BOTTOM OF THE 9TH
Capital Hill Interns batting - Pitching for Quebec City Baby Blues : LHP Sylvain Richard
Pitching: LHP Mike Park
Now in LF: Mark Bakker
Batting: LHB Moises Casabuena 0-0: DOUBLE (Flyball, 89XD, EV 93.8 MPH)
Batting: RHB Jai-guo Ruan 0-0: Called Strike
0-1: Ball
1-1: Foul Ball, location: 2F
1-2: Strikes out swinging
Batting: RHB Jeroen Penning 0-0: Ball
1-0: Foul Ball, location: 2F
1-1: Called Strike
1-2: Strikes out swinging
Pinch Hitting: RHB Klaus van Loon 0-0: Called Strike
0-1: Swinging Strike
0-2: Strikes out swinging
Bottom of the 9th over - 0 runs, 1 hit, 0 errors, 1 left on base; Quebec City 2 - Capital Hill 1
Thursday, January 23rd, 2020 - OOTP Baseball 20.8 Build 74